 Dungeon Crawl Stone Soup version 0.28.0-53-g5a82cb258f (webtiles) character file.

Game seed: 7442805158393388303

61 Infinimo the Cudgeller (level 4, -1/45 HPs)
             Began as an Ogre Gladiator on May 29, 2022.
             Slain by a gnoll
             ... wielding a +0 halberd
              (12 damage)
             ... on level 3 of the Dungeon.
             The game lasted 00:01:56 (1943 turns).

Infinimo the Cudgeller (Ogre Gladiator)             Turns: 1943, Time: 00:01:57

Health: -1/45      AC:  3    Str: 20    XL:     4   Next: 7%
Magic:  4/4        EV: 10    Int:  9    God:
Gold:   95         SH:  0    Dex: 10    Spells: 3/3 levels left

rFire   . . .      SeeInvis .   a - +0 flail
rCold   . . .      Faith    .   (no shield)
rNeg    + . .      Spirit   .   b - +0 robe
rPois   +          Reflect  .   c - +0 hat
rElec   .          Harm     .   (no cloak)
rCorr   .          Rampage  .   (gloves unavailable)
Will    .....                   (boots unavailable)
Stlth   +.........              (no amulet)
HPRegen 0.15/turn               e - ring of poison resistance
MPRegen 0.09/turn               i - ring of positive energy

@: no status effects
A: large, unfitting armour, tough skin 1
a: no special abilities


You were on level 3 of the Dungeon.
You visited 1 branch of the dungeon, and saw 3 of its levels.

You collected 95 gold pieces.

Inventory:

Hand Weapons
 a - a +0 flail (weapon)
 m - a +0 morningstar
Missiles
 d - 3 throwing nets (quivered)
Armour
 b - a +0 robe (worn)
 c - a +0 hat (worn)
Jewellery
 e - a ring of poison resistance (left hand)
 i - a ring of positive energy (right hand)
Scrolls
 k - a scroll of torment {unknown}
Potions
 f - a potion of curing
 g - a potion of flight {unknown}
 h - a potion of berserk rage {unknown}
 j - a potion of brilliance {unknown}
 l - a potion of lignification {unknown}


   Skills:
 + Level 3.5 Fighting
 * Level 3.6 Maces & Flails
 - Level 2.0 Throwing
 + Level 3.2 Dodging


You had 3 spell levels left.
You didn't know any spells.
Your spell library contained the following spells:

 Spells                   Type           Power      Damage    Failure   Level
 Ozocubu's Armour         Ice            0%         N/A       77%         3
 Summon Guardian Golem    Hex/Summ       0%         N/A       77%         3
 Orb of Destruction       Conj           0%         9d5       100%        7
 Ozocubu's Refrigeration  Ice            0%         4d5       100%        7
 Spellforged Servitor     Conj/Summ      0%         N/A       100%        7


Dungeon Overview and Level Annotations

Branches:
Dungeon (3/15)

Altars:
Nemelex Xobeh


Innate Abilities, Weirdness & Mutations

You are too large for most types of armour.
You have tough skin. (AC +1)


Message History

A gnoll comes into view. It is wielding a +0 flail.
The gnoll shouts!
The gnoll moves out of view.
A gnoll and a kobold come into view.
The kobold shouts!
You hear a shout!
A gnoll comes into view. It is wielding a +0 halberd.
There are monsters nearby!
There are monsters nearby!
The gnoll moves out of view.
You start waiting.
A gnoll is nearby!
You hit the gnoll but do no damage. The gnoll hits you with a +0 flail.
You hit the gnoll but do no damage. The gnoll closely misses you.
You hit the gnoll but do no damage. The gnoll completely misses you.
The gnoll closely misses you.
You sock the gnoll!
The gnoll is severely wounded.
You hear a shout!
The gnoll hits you with a +0 flail.
You thump the gnoll!
You kill the gnoll!
You have reached level 4!
You barely miss the gnoll. The gnoll barely misses you.
You hit the gnoll but do no damage. The gnoll closely misses you.
The gnoll hits you with a +0 halberd.
You barely miss the gnoll. The gnoll barely misses you.
You barely miss the gnoll. The gnoll hits you with a +0 halberd.
You hit the gnoll.
The gnoll is lightly wounded.
The gnoll hits you with a +0 halberd.
You closely miss the gnoll.
The gnoll is lightly wounded.
The gnoll hits you with a +0 halberd!
* * * LOW HITPOINT WARNING * * *
The gnoll hits you with a +0 halberd.
* * * LOW HITPOINT WARNING * * *
You are too injured to fight recklessly!
You are too injured to fight recklessly!
The gnoll hits you from afar with a +0 halberd!
You die...

### #####.# #.....#
####.##.# ##
.......<# ...
###.###.# ....
..#.#...# .....
#.#@..#####.
......##.#.........#
....K....##g########
.......#....#
####.#.##.### ..
#....# ..g ###### ..
#


You could see a gnoll.

Vanquished Creatures
  A gnoll (D:3)
  An adder (D:2)
  A worm (D:2)
  3 endoplasms
  3 giant cockroaches (D:1)
  5 goblins
  2 hobgoblins (D:2)
  4 jackals (D:1)
  A quokka (D:2)
  A ball python (D:2)
  5 bats
  5 frilled lizards
  2 kobolds (D:2)
  5 rats
39 creatures vanquished.

Notes
Turn   | Place    | Note
-------+----------+-------------------------------------------
     0 | D:1      | Infinimo the Ogre Gladiator began the quest for the Orb.
     0 | D:1      | Reached XP level 1. HP: 22/22 MP: 1/1
   275 | D:1      | Found a faded altar of an unknown god.
   284 | D:1      | Reached XP level 2. HP: 24/29 MP: 2/2
   946 | D:1      | Reached XP level 3. HP: 37/37 MP: 3/3
  1179 | D:2      | Found a sparkling altar of Nemelex Xobeh.
  1937 | D:3      | Reached XP level 4. HP: 39/45 MP: 4/4
  1943 | D:3      | Slain by a gnoll

Illustrated notes

Levels and vault maps discovered:
D:1:      ncdulo_halloftheorcs, layout_basic, chequers_ecumenical_altar_simple,
          minmay_misc_feat_iff
D:2:      layout_basic, basic_altar, minmay_diced_spiral
D:3:      layout_basic, portal_sewer_entry_e

Skill      XL: |  1  2 |
---------------+-------+-----
Maces & Flails | 3 |  3.6
Fighting       | 3 |  3.5
Dodging        | 3 |  3.2
Throwing       | |  2.0

Action                   |  1- 3 |  4- 6 || total
-------------------------+-------+-------++-------
Melee: Flail             |   122 |     6 ||   128
       Punch             |     1 |       ||     1
  Use: Scroll            |     3 |       ||     3
Armor: Robe              |    43 |       ||    43
Dodge: Dodged            |    73 |     3 ||    76
